 Dungeon Crawl Stone Soup version 0.29.1-12-g30fa7ad0bf (webtiles) character file.

Game seed: 7386322488682591515

436 ReploidZero the Ducker (level 7, -1/55 HPs)
             Began as a Merfolk Gladiator on Jan 8, 2023.
             Slain by a black bear (12 damage)
             ... on level 4 of the Dungeon.
             The game lasted 00:08:39 (3530 turns).

ReploidZero the Ducker (Merfolk Gladiator)          Turns: 3530, Time: 00:08:39

Health: -1/55      AC:  4    Str: 20    XL:     7   Next: 1%
Magic:  7/7        EV: 15    Int:  7    God:
Gold:   180        SH:  0    Dex: 18    Spells: 6/6 levels left

rFire   . . .      SeeInvis .   a - +0 long sword
rCold   + . .      Faith    .   (no shield)
rNeg    . . .      Spirit   .   b - +0 leather armour
rPois   .          Reflect  .   c - +0 helmet
rElec   +          Harm     .   (no cloak)
rCorr   +          Rampage  .   (no gloves)
Will    .....                   (no boots)
Stlth   ++........              (no amulet)
HPRegen 0.18/turn               l - ring of protection from cold
MPRegen 0.10/turn               u - ring "Baolen" {Drain rElec rCorr Str+6 Stlth+}

@: no status effects
A: (nimble swimmer 2), mertail
a: no special abilities


You were on level 4 of the Dungeon.
You visited 1 branch of the dungeon, and saw 4 of its levels.

You collected 180 gold pieces.

Inventory:

Hand Weapons
 a - a +0 long sword (weapon)
Missiles
 d - 3 throwing nets (quivered)
 e - a javelin
 i - 4 silver javelins
Armour
 b - a +0 leather armour (worn)
 c - a +0 helmet (worn)
Jewellery
 l - a ring of protection from cold (left hand)
 u - the ring "Baolen" (right hand) {Drain rElec rCorr Str+6 Stlth+}
   (You found it on level 2 of the Dungeon)

   [ring of strength]

   Str:       It affects your strength (+6).
   rElec:     It insulates you from electricity.
   rCorr:     It protects you from acid and corrosion.
   Drain:     It drains your maximum health when unequipped.
   Stlth:     It makes you more stealthy.
Scrolls
 f - a scroll of identify
 k - a scroll of torment {unknown}
 q - a scroll of fog {unknown}
 r - a scroll of blinking {unknown}
 t - a scroll of teleportation
 v - a scroll of fear {unknown}
 x - a scroll of enchant weapon {unknown}
Potions
 g - a potion of heal wounds
 h - a potion of attraction {unknown}
 j - 2 potions of haste
 m - a potion of brilliance
 n - 3 potions of curing
 o - a potion of flight {unknown}
 p - a potion of berserk rage {unknown}
 s - a potion of degeneration {unknown}
 w - a potion of cancellation {unknown}


   Skills:
 + Level 4.3 Fighting
 + Level 5.5 Long Blades
 + Level 4.0 Throwing
 + Level 6.1 Dodging


You had 6 spell levels left.
You didn't know any spells.
Your spell library contained the following spells:

 Spells                   Type           Power      Damage    Failure   Level
 Foxfire                  Conj/Fire      0%         2x1d4     50%         1
 Summon Small Mammal      Summ           0%         N/A       50%         1
 Blink                    Tloc           0%         N/A       63%         2
 Sublimation of Blood     Necr           0%         N/A       63%         2
 Wereblood                Tmut           0%         N/A       63%         2
 Call Canine Familiar     Summ           0%         N/A       86%         3
 Conjure Flame            Conj/Fire      0%         6-21      86%         3
 Inner Flame              Hex/Fire       0%         N/A       86%         3
 Summon Guardian Golem    Hex/Summ       0%         N/A       86%         3
 Flame Wave               Conj/Fire      0%         2d4       99%         4
 Fulminant Prism          Conj/Hex       0%         3d6       99%         4
 Iskenderun's Mystic Bla  Conj/Tloc      0%         2d3       99%         4
 Lee's Rapid Deconstruct  Erth           0%         3d5*      100%        5
 Manifold Assault         Tloc           0%         N/A       100%        5
 Storm Form               Tmut/Air       0%         N/A       100%        7
 Summon Hydra             Summ           0%         N/A       100%        7


Dungeon Overview and Level Annotations

Branches:
Dungeon (4/15)
 Temple: D:4-7

Altars:
Kikubaaqudgha
Nemelex Xobeh
Okawaru
Uskayaw
Xom


Innate Abilities, Weirdness & Mutations

((You are very nimble when in or above water. (Stealth+, EV+, Speed+++)))
Your lower body shifts to a powerful aquatic tail in water.


Message History

You barely miss the black bear.
The black bear is moderately wounded.
The black bear bites you! The black bear barely misses you.
The black bear closely misses you.
You hit the black bear.
The black bear is heavily wounded.
The black bear misses you. x2; The black bear closely misses you.
You hit the black bear.
The black bear is heavily wounded.
The black bear misses you. x2; The black bear claws you.
You hit the black bear but do no damage.
The black bear is heavily wounded.
The black bear misses you. The black bear closely misses you. x2
You slash the black bear!
The black bear is almost dead.
The black bear goes berserk!
You completely miss the black bear.
The black bear is severely wounded.
The black bear barely misses you. The black bear closely misses you. x2
The black bear barely misses you. x2; The black bear closely misses you.
You hit the black bear.
The black bear is almost dead.
The black bear closely misses you. The black bear claws you.
The black bear completely misses you. The black bear bites you.
The black bear claws you but does no damage.
The black bear misses you.
You closely miss the black bear.
The black bear is almost dead.
The black bear closely misses you. The black bear claws you. x2
You hit the black bear.
The black bear is almost dead.
The black bear bites you! The black bear closely misses you.
The black bear claws you. The black bear bites you.
The black bear closely misses you. The black bear misses you.
The black bear attacks as you move away!
The black bear bites you.
* * * LOW HITPOINT WARNING * * *
The black bear barely misses you. The black bear misses you.
The black bear bites you!
You die...

### .! #.
#.#########
#.h@.(.....
.......#########
#######


You could see a black bear (berserk).

Vanquished Creatures
  A centaur (D:3)
  3 jellies (D:3)
  2 orc priests (D:3)
  3 adders
  8 gnolls
  A dart slug (D:2)
  A worm (D:3)
  3 orcs (D:3)
  16 endoplasms
  2 giant cockroaches
  6 goblins
  4 hobgoblins
  A quokka (D:2)
  7 ball pythons
  3 bats (D:2)
  3 frilled lizards
  11 kobolds
  23 rats
98 creatures vanquished.

Vanquished Creatures (collateral kills)
  An adder (D:3)
  A rat (D:3)
2 creatures vanquished.

Vanquished Creatures (others)
  2 fungi (D:3)
  13 toadstools (D:3)
15 creatures vanquished.

Grand Total: 115 creatures vanquished

Notes
Turn   | Place    | Note
-------+----------+-------------------------------------------
     0 | D:1      | ReploidZero the Merfolk Gladiator began the quest for the
                  | Orb.
     0 | D:1      | Reached XP level 1. HP: 16/16 MP: 1/1
   356 | D:1      | Reached XP level 2. HP: 23/23 MP: 2/2
   623 | D:1      | Found a faded altar of an unknown god.
   707 | D:2      | Found a shimmering altar of Xom.
   810 | D:2      | Reached XP level 3. HP: 17/28 MP: 3/3
  1327 | D:2      | Reached XP level 4. HP: 31/34 MP: 4/4
  1384 | D:2      | Identified the ring "Baolen" {Drain rElec rCorr Str+6
                  | Stlth+}
  1875 | D:3      | Reached skill level 5 in Dodging
  1939 | D:3      | Reached XP level 5. HP: 36/41 MP: 5/5
  2185 | D:3      | Found a hide-covered altar of Uskayaw.
  2188 | D:3      | Found a sparkling altar of Nemelex Xobeh.
  2240 | D:3      | Noticed a centaur
  2318 | D:3      | Killed a centaur
  2417 | D:3      | Reached XP level 6. HP: 38/48 MP: 6/6
  2431 | D:3      | Reached skill level 5 in Long Blades
  3093 | D:3      | Reached skill level 6 in Dodging
  3097 | D:3      | Reached XP level 7. HP: 15/55 MP: 7/7
  3427 | D:3      | Found an iron altar of Okawaru.
  3430 | D:3      | Found an ancient bone altar of Kikubaaqudgha.
  3530 | D:4      | Slain by a black bear

Illustrated notes

Levels and vault maps discovered:
D:1:      spicycebolla_arrival_clurvy, layout_loops_ring,
          dreamdust_ecumenical_altar_angels_and_demons
D:2:      layout_basic, basic_altar, minmay_rat_hole
D:3:      cheibrodos_fertilizer, layout_loops_cross,
          nicolae_overflow_hidden_temple, serial_glass, glass_columns_a,
          glass_columns_a, glass_columns_c, glass_columns_c, glass_columns_a,
          grunt_ministairs_8, kennysheep_potato
D:4:      layout_basic

Skill      XL: |  1  2  3  4  5  6  7 |
---------------+----------------------+-----
Long Blades    | 4 5 |  5.5
Fighting       | 3 4 |  4.3
Dodging        | 5 6 |  6.1
Throwing       | 3 4 |  4.0

Action                   |  1- 3 |  4- 6 |  7- 9 || total
-------------------------+-------+-------+-------++-------
Melee: Long sword        |    80 |   200 |    17 ||   297
  Use: Scroll            |       |     6 |       ||     6
       Potion            |       |     1 |       ||     1
 Stab: Sleeping          |       |     8 |     1 ||     9
       Distracted        |       |     1 |       ||     1
Armor: Leather armour    |    34 |    45 |     2 ||    81
Dodge: Dodged            |   111 |   160 |    33 ||   304
